[Event "ICC tourney 2564 (45 10)"]
[Site "Internet Chess Club"]
[Date "2021.05.15"]
[Round "2"]
[White "TREUSDELL, ROSS G:IveDoneEnough"]
[Black "LIAO, CAITLIN:che8642"]
[Result "0-1"]
[ICCResult "White resigns"]
[WhiteElo "1727"]
[BlackElo "1560"]
[Opening "Sicilian: modern Scheveningen, main line"]
[ECO "B58"]
[NIC "SI.22"]
[Time "13:31:13"]
[PlyCount "58"]
[TimeControl "2700+10"]

1. e4 c5 2. Nf3 d6 3. d4 cxd4 4. Nxd4 Nf6 5. Nc3 Nc6 6. Be2 e6 7. O-O Be7
8. Be3 O-O 9. f4 Bd7 10. Kh1 a6 11. Qe1 Qc7 12. Qg3 Rfd8 13. Nxc6 Bxc6 14.
e5 Ne4 15. Nxe4 Bxe4 16. c3 Rd7 17. exd6 Bxd6 18. Bd4 f5 19. Rad1 Re8 20.
Bd3 Bxd3 21. Rxd3 g6 22. Rfd1 Bxf4 23. Qh4 Red8 24. g3 Be5 25. Qh6 Bxd4 26.
cxd4 Qc6+ 27. Kg1 e5 28. Qe3 exd4 29. Rxd4 Qb6 { White resigns } 0-1

[Event "ICC tourney 2564 (45 10)"]
[Site "Internet Chess Club"]
[Date "2021.05.15"]
[Round "2"]
[White "KERR, JOSHUA MORGAN:AbleCompany"]
[Black "HALL, ISABELLA ANN:isabellahall"]
[Result "0-1"]
[ICCResult "White resigns"]
[WhiteElo "1696"]
[BlackElo "1528"]
[Opening "Sicilian: O'Kelly variation"]
[ECO "B28"]
[NIC "SI.43"]
[Time "13:31:20"]
[PlyCount "44"]
[TimeControl "2700+10"]

1. e4 c5 2. Nf3 a6 3. d4 cxd4 4. Nxd4 Nf6 5. Bd3 e5 6. Nf5 d5 7. exd5 e4 8.
O-O Bxf5 9. Re1 Bc5 10. Nc3 O-O 11. Nxe4 Nxe4 12. Bxe4 Bxe4 13. Rxe4 Qf6
14. Rf4 Qb6 15. b3 Nd7 16. Bb2 Rfe8 17. Qg4 Ne5 18. Qf5 Qg6 19. Bxe5 Qxf5
20. Rxf5 g6 21. Bd6 Bxd6 22. Rf6 Be5 { White resigns } 0-1

[Event "ICC tourney 2564 (45 10)"]
[Site "Internet Chess Club"]
[Date "2021.05.15"]
[Round "2"]
[White "MISRA, PRAGYAN:SoaringHawk24"]
[Black "Vieira, Daniel:danthedestroyer"]
[Result "0-1"]
[ICCResult "White checkmated"]
[WhiteElo "1515"]
[BlackElo "1635"]
[Opening "Sicilian: Labourdonnais-Löwenthal variation"]
[ECO "B32"]
[NIC "SI.32"]
[Time "13:31:13"]
[PlyCount "34"]
[TimeControl "2700+10"]

1. e4 c5 2. Nf3 Nc6 3. d4 cxd4 4. Nxd4 e5 5. Nf3 Nf6 6. Nc3 Bb4 7. Bg5 Qa5
8. Bxf6 Bxc3+ 9. bxc3 Qxc3+ 10. Nd2 gxf6 11. Bc4 Nd4 12. Bb3 d6 13. O-O Be6
14. Nf3 Bg4 15. Qe1 Nxf3+ 16. gxf3 Bxf3 17. Qxc3 Rg8# { White checkmated }
0-1

[Event "ICC tourney 2564 (45 10)"]
[Site "Internet Chess Club"]
[Date "2021.05.15"]
[Round "2"]
[White "CHERUKURI, NITESH:Niteshc"]
[Black "VATS, ATIKSH:avats"]
[Result "1/2-1/2"]
[ICCResult "Game drawn by repetition"]
[WhiteElo "1746"]
[BlackElo "1576"]
[Opening "French: Rubinstein variation"]
[ECO "C10"]
[NIC "FR.07"]
[Time "13:31:46"]
[PlyCount "72"]
[TimeControl "2700+10"]

1. e4 e6 2. d4 d5 3. Nc3 dxe4 4. Nxe4 Nd7 5. Nf3 Ngf6 6. Bd3 Be7 7. Bf4 b6
8. c3 Bb7 9. Qc2 O-O 10. O-O-O Nxe4 11. Bxe4 Bxe4 12. Qxe4 c5 13. Qe2 Qc8
14. d5 Nf6 15. dxe6 Qxe6 16. Qxe6 fxe6 17. Bd6 Bxd6 18. Rxd6 Ne4 19. Rxe6
Nxf2 20. Rf1 Nd3+ 21. Kc2 Nf4 22. Re7 Nxg2 23. Rg1 Rxf3 24. Rxg2 Rf7 25.
Rxf7 Kxf7 26. Kb3 Re8 27. Ka4 a6 28. Rf2+ Kg8 29. b4 cxb4 30. cxb4 h6 31.
Rc2 Kf7 32. Rc7+ Re7 33. Rc6 Re6 34. Rc7+ Re7 35. Rc6 Re6 36. Rc7+ Re7 {
Game drawn by repetition } 1/2-1/2

[Event "ICC tourney 2564 (45 10)"]
[Site "Internet Chess Club"]
[Date "2021.05.15"]
[Round "2"]
[White "ZILBERMINTZ, LEV:chessrex"]
[Black "CHEN, HENRY:Bluebird1222"]
[Result "1-0"]
[ICCResult "Black checkmated"]
[WhiteElo "1855"]
[BlackElo "1683"]
[Opening "Blackmar gambit"]
[ECO "D00"]
[NIC "QP.08"]
[Time "13:31:13"]
[PlyCount "97"]
[TimeControl "2700+10"]

1. d4 d5 2. e4 dxe4 3. Nc3 Nf6 4. f3 exf3 5. Nxf3 c6 6. Bc4 e6 7. O-O Bd6
8. Qe1 O-O 9. Bd3 Nd5 10. Ng5 h6 11. Nge4 Nxc3 12. bxc3 f5 13. Nxd6 Qxd6
14. a4 g5 15. Ba3 Qc7 16. Bxf8 Kxf8 17. Bc4 Qd6 18. g4 f4 19. Qe4 e5 20.
dxe5 Qc5+ 21. Qd4 Qxd4+ 22. cxd4 Bxg4 23. Rab1 b6 24. d5 Ke7 25. d6+ Kd7
26. Rfe1 Be6 27. Bd3 c5 28. a5 Nc6 29. axb6 axb6 30. Rxb6 Nd4 31. Be4 Ra3
32. Rb7+ Kd8 33. Rb8+ Kd7 34. Rh8 Nf3+ 35. Bxf3 Rxf3 36. Rh7+ Kc6 37. Rc7+
Kd5 38. d7 Bxd7 39. Rxd7+ Ke6 40. Rd6+ Ke7 41. Rxh6 g4 42. Ra1 g3 43. Ra7+
Kf8 44. Rb6 gxh2+ 45. Kxh2 Rf2+ 46. Kg1 Rg2+ 47. Kxg2 f3+ 48. Kxf3 c4 49.
Rb8# { Black checkmated } 1-0

[Event "ICC tourney 2564 (45 10)"]
[Site "Internet Chess Club"]
[Date "2021.05.15"]
[Round "2"]
[White "LIAO, CONNOR:che2468"]
[Black "ZHANG, SUNNY:AboardBuffalo"]
[Result "0-1"]
[ICCResult "White checkmated"]
[WhiteElo "1423"]
[BlackElo "1623"]
[Opening "King's Indian: East Indian defense"]
[ECO "A48"]
[NIC "QP.06"]
[Time "13:31:12"]
[PlyCount "78"]
[TimeControl "2700+10"]

1. d4 Nf6 2. Nf3 g6 3. e3 Bg7 4. b3 d5 5. Bb2 Bf5 6. Bd3 Bxd3 7. Qxd3 O-O
8. O-O Ne4 9. Nbd2 Nxd2 10. Qxd2 c5 11. Rac1 Nc6 12. c4 cxd4 13. Nxd4 dxc4
14. Rxc4 Qd6 15. Rd1 Rfd8 16. Rc2 Nb4 17. Nb5 Qb6 18. Bd4 Qxb5 19. Rc5 Qxc5
20. Bxc5 Rxd2 21. Rxd2 Rc8 22. g3 Rxc5 23. Rd7 Nxa2 24. Rxb7 a5 25. Kg2 Rc3
26. Rb5 Nb4 27. Rxa5 Rxb3 28. Rb5 Rb2 29. h4 Nd3 30. Rd5 Nxf2 31. Rd8+ Bf8
32. Kf3 e6 33. g4 Kg7 34. h5 Be7 35. Rd7 Bf6 36. hxg6 Kxg6 37. Ra7 Nd3 38.
Ra3 Rf2+ 39. Ke4 Nc5# { White checkmated } 0-1

[Event "ICC tourney 2564 (45 10)"]
[Site "Internet Chess Club"]
[Date "2021.05.15"]
[Round "2"]
[White "NGUYEN, THOMAS:tn285"]
[Black "XIAO, MICHAEL:michaelxiao"]
[Result "1-0"]
[ICCResult "Black checkmated"]
[WhiteElo "1581"]
[BlackElo "1297"]
[Opening "Queen's pawn, Mason variation"]
[ECO "D00"]
[NIC "QP.08"]
[Time "13:31:21"]
[PlyCount "61"]
[TimeControl "2700+10"]

1. d4 d5 2. Bf4 e6 3. e3 Bd6 4. Bg3 Bxg3 5. hxg3 Nf6 6. Bd3 h6 7. Nf3 b6 8.
Nbd2 Bb7 9. Ne5 Nbd7 10. f4 a6 11. g4 Nxe5 12. dxe5 Ne4 13. Qf3 Nxd2 14.
Kxd2 Rb8 15. Raf1 c5 16. Kc1 d4 17. Be4 Bxe4 18. Qxe4 dxe3 19. Qxe3 c4 20.
f5 exf5 21. Rxf5 Qe7 22. Rhf1 Rf8 23. Qe4 Qe6 24. Rd1 b5 25. Rd6 Qc8 26. e6
Ke7 27. Rd7+ Ke8 28. Qd5 f6 29. Qd6 Qd8 30. e7 Qxd7 31. exf8=Q# { Black
checkmated } 1-0

[Event "ICC tourney 2564 (45 10)"]
[Site "Internet Chess Club"]
[Date "2021.05.15"]
[Round "2"]
[White "JENSON, CHRIS:Gallifreyan"]
[Black "ATLURI, PRATHIK:ChessStar22"]
[Result "1/2-1/2"]
[ICCResult "Game drawn by mutual agreement"]
[WhiteElo "1628"]
[BlackElo "1403"]
[Opening "Caro-Kann: anti-anti-Caro-Kann defense"]
[ECO "A11"]
[NIC "EO.64"]
[Time "13:31:19"]
[PlyCount "89"]
[TimeControl "2700+10"]

1. c4 c6 2. e4 d5 3. cxd5 cxd5 4. exd5 Qxd5 5. Nc3 Qd8 6. Bc4 Nf6 7. d4 e6
8. Nf3 Nc6 9. O-O Be7 10. Re1 O-O 11. Bg5 h6 12. Bh4 Re8 13. a3 a6 14. Qd3
b5 15. Bb3 Nh7 16. Bc2 Nf8 17. Bxe7 Rxe7 18. Rad1 Bb7 19. Qe3 Na5 20. Ne5
Nc6 21. Ne4 Nh7 22. Nc5 Qc7 23. Nxb7 Nxe5 24. dxe5 Qxc2 25. Qb6 Qc7 26.
Qxc7 Rxc7 27. Nd6 Nf8 28. Rc1 Raa7 29. h4 Ng6 30. g3 Rxc1 31. Rxc1 Nxe5 32.
Rc8+ Kh7 33. f4 Nf3+ 34. Kg2 Rd7 35. Kxf3 Rxd6 36. Rc7 f6 37. Ra7 f5 38.
Ke3 Kg6 39. b3 Kf6 40. h5 g6 41. hxg6 Kxg6 42. b4 Kf6 43. Rh7 Kg6 44. Ra7
Kf6 45. Rh7 { Game drawn by mutual agreement } 1/2-1/2

[Event "ICC tourney 2564 (45 10)"]
[Site "Internet Chess Club"]
[Date "2021.05.15"]
[Round "2"]
[White "VALE CRUZ, ARMIN:trucker"]
[Black "MARKOVIC, GORAN:Goran21"]
[Result "0-1"]
[ICCResult "White forfeits on time"]
[WhiteElo "1709"]
[BlackElo "1995"]
[Opening "Ruy Lopez: Berlin defense"]
[ECO "C65"]
[NIC "RL.07"]
[Time "13:31:47"]
[PlyCount "86"]
[TimeControl "2700+10"]

1. e4 e5 2. Nf3 Nc6 3. Bb5 Nf6 4. d3 d6 5. c3 Bd7 6. O-O g6 7. Re1 Bg7 8.
h3 O-O 9. Nbd2 a6 10. Ba4 b5 11. Bc2 Nh5 12. Nf1 Kh8 13. Be3 Qe8 14. d4 f5
15. exf5 gxf5 16. dxe5 dxe5 17. Bc5 Rg8 18. Bb3 Be6 19. Ne3 Rd8 20. Qc2 e4
21. Ng5 Nf4 22. Nxf5 Qg6 23. Qxe4 Nxh3+ 24. gxh3 Qxg5+ 25. Ng3 Bxb3 26.
Qxc6 Bd5 27. Qxc7 Rc8 28. Qe7 Qf4 29. Re3 Rgf8 30. Qxg7+ Kxg7 31. Nh5+ Kg6
32. Nxf4+ Rxf4 33. Rg3+ Kf5 34. Be3 Rh4 35. Rd1 Bxa2 36. Rd6 Rg8 37. Rxa6
Bd5 38. Rd6 Bc4 39. Kg2 Ke5 40. Rb6 Ra8 41. b3 Bd5+ 42. Kh2 Rh5 43. Rxb5
Ra1 { White forfeits on time } 0-1

[Event "ICC tourney 2564 (45 10)"]
[Site "Internet Chess Club"]
[Date "2021.05.15"]
[Round "2"]
[White "Gong, Andrew:TheDude865"]
[Black "BANGARU, SAHARSH:Sahabangs"]
[Result "1/2-1/2"]
[ICCResult "Game drawn by mutual agreement"]
[WhiteElo "1543"]
[BlackElo "1870"]
[Opening "Sicilian: Hungarian variation"]
[ECO "B34"]
[NIC "SI.43"]
[Time "13:31:33"]
[PlyCount "71"]
[TimeControl "2700+10"]

1. e4 c5 2. Nf3 g6 3. d4 cxd4 4. Nxd4 Bg7 5. Be3 Nc6 6. Nc3 Nf6 7. f3 O-O
8. Bc4 a6 9. Bb3 b5 10. Qd2 Na5 11. e5 Nxb3 12. axb3 Ne8 13. Nc6 Qc7 14.
Nxe7+ Kh8 15. f4 d6 16. Ncd5 Qd8 17. h4 Bb7 18. h5 Bxd5 19. hxg6 Qxe7 20.
Rxh7+ Kg8 21. Qxd5 Nc7 22. Qxd6 Qxd6 23. exd6 Nd5 24. Bc1 fxg6 25. Rh4 Rfd8
26. c4 Nb4 27. Kf1 Rxd6 28. cxb5 Nd3 29. bxa6 Raxa6 30. Rxa6 Rxa6 31. Be3
Nxb2 32. g4 Bc3 33. f5 gxf5 34. gxf5 Rf6 35. Bd4 Rxf5+ 36. Ke2 { Game drawn
by mutual agreement } 1/2-1/2

[Event "ICC tourney 2564 (45 10)"]
[Site "Internet Chess Club"]
[Date "2021.05.15"]
[Round "2"]
[White "LANCMAN, KALEB M:kaleblancman"]
[Black "DINESH, ABINAV:abi2009"]
[Result "1-0"]
[ICCResult "Black resigns"]
[WhiteElo "1836"]
[BlackElo "1660"]
[Opening "Queen's pawn, Mason variation"]
[ECO "D00"]
[NIC "QP.08"]
[Time "13:31:14"]
[PlyCount "97"]
[TimeControl "2700+10"]

1. d4 d5 2. Bf4 Nf6 3. e3 Bf5 4. c4 e6 5. Nc3 Bd6 6. Bg3 O-O 7. Nf3 c6 8.
Qb3 Bxg3 9. hxg3 b6 10. Ne5 Qd6 11. Be2 Nbd7 12. g4 Bg6 13. f4 Ne4 14. Nxg6
hxg6 15. Nxe4 dxe4 16. O-O-O a5 17. Rh3 a4 18. Qc2 f5 19. Rdh1 c5 20. d5
exd5 21. cxd5 Nf6 22. g5 Nd7 23. g4 a3 24. b3 c4 25. bxc4 Nc5 26. gxf5 Nd3+
27. Bxd3 exd3 28. Qxd3 Kf7 29. fxg6+ Qxg6 30. Qxg6+ Kxg6 31. Kd2 Ra4 32.
Kd3 Rc8 33. Rc1 b5 34. c5 Rd8 35. e4 b4 36. Rb1 Rb8 37. Rb3 Ra5 38. Kd4
Rbb5 39. c6 Rc5 40. Rh2 Rc1 41. Rxb4 Rac5 42. Rh3 R5c2 43. Rxa3 Rf1 44. Ke5
Rff2 45. Ra7 Rxa2 46. Rxa2 Rxa2 47. c7 Rc2 48. Kd6 Kf7 49. Rb8 { Black
resigns } 1-0

[Event "ICC tourney 2564 (45 10)"]
[Site "Internet Chess Club"]
[Date "2021.05.15"]
[Round "2"]
[White "GONG, JONATHAN YICHENG:Theutltl"]
[Black "WU, WENTAO:Threehundreds"]
[Result "1-0"]
[ICCResult "Black resigns"]
[WhiteElo "1562"]
[BlackElo "1481"]
[Opening "Giuoco Piano"]
[ECO "C54"]
[NIC "IG.02"]
[Time "13:32:30"]
[PlyCount "119"]
[TimeControl "2700+10"]

1. e4 e5 2. Nf3 Nc6 3. Bc4 Bc5 4. c3 Nf6 5. d3 a6 6. O-O d6 7. b4 Bb6 8.
Na3 O-O 9. Nc2 Be6 10. Bxe6 fxe6 11. Be3 Bxe3 12. Nxe3 d5 13. exd5 exd5 14.
Qb3 Kh8 15. Rad1 d4 16. Nc4 Re8 17. Rfe1 Qd5 18. a4 b5 19. Ncd2 Qxb3 20.
Nxb3 bxa4 21. Nc5 dxc3 22. Nxa4 Nxb4 23. Nxc3 Nc6 24. Ne4 Nxe4 25. Rxe4 h6
26. Rc4 Re6 27. Rdc1 Nd4 28. Nxd4 exd4 29. Rxc7 a5 30. R7c4 a4 31. Kf1 a3
32. Ra1 Rb6 33. Rc2 Kh7 34. Ke2 Kg6 35. f4 Rb2 36. Rxb2 axb2 37. Rb1 Kf5
38. Kf3 Ra3 39. g4+ Ke6 40. Ke4 Ra4 41. Rxb2 Ke7 42. Rb7+ Kf6 43. h4 Ra2
44. g5+ hxg5 45. hxg5+ Kg6 46. Kxd4 Kf5 47. Rxg7 Kxf4 48. Kc5 Ra5+ 49. Kb4
Ra1 50. d4 Rb1+ 51. Kc5 Rc1+ 52. Kd6 Ke4 53. d5 Ra1 54. Ke6 Ra6+ 55. d6 Kf4
56. Ke7 Ke5 57. d7 Re6+ 58. Kd8 Rc6 59. Re7+ Kd6 60. Ke8 { Black resigns }
1-0

[Event "ICC tourney 2564 (45 10)"]
[Site "Internet Chess Club"]
[Date "2021.05.15"]
[Round "2"]
[White "WU, JONATHAN ZUANXU:wulovechess"]
[Black "PREGON, JOSEPH JEFFERY:Fischeresque930"]
[Result "0-1"]
[ICCResult "White resigns"]
[WhiteElo "1586"]
[BlackElo "1785"]
[Opening "Caro-Kann: exchange variation"]
[ECO "B13"]
[NIC "CK.02"]
[Time "13:31:16"]
[PlyCount "56"]
[TimeControl "2700+10"]

1. e4 c6 2. d4 d5 3. exd5 cxd5 4. Nf3 Nf6 5. Bd3 Nc6 6. O-O a6 7. c3 e6 8.
Bf4 Be7 9. Nbd2 O-O 10. Qc2 b5 11. a3 Bb7 12. b4 Qb6 13. Nb3 a5 14. Nc5
Rfd8 15. Rfe1 axb4 16. axb4 Rxa1 17. Rxa1 Ra8 18. Rxa8+ Bxa8 19. Ne5 h6 20.
h3 Bxc5 21. bxc5 Qa5 22. Qb2 Na7 23. c6 Bxc6 24. Nxc6 Nxc6 25. Bxb5 Qb6 26.
Bc1 Ne4 27. f3 Nxc3 28. Bd3 Qxd4+ { White resigns } 0-1

[Event "ICC tourney 2564 (45 10)"]
[Site "Internet Chess Club"]
[Date "2021.05.15"]
[Round "2"]
[White "SRIRAM, SHRAVAN:chickenlord999"]
[Black "AYYAPPAN, SANTHOSH:SanthoshA"]
[Result "0-1"]
[ICCResult "White checkmated"]
[WhiteElo "1522"]
[BlackElo "1652"]
[Opening "QGD: exchange, positional line"]
[ECO "D35"]
[NIC "QO.16"]
[Time "13:31:19"]
[PlyCount "136"]
[TimeControl "2700+10"]

1. d4 d5 2. c4 e6 3. Nc3 Nf6 4. cxd5 exd5 5. Bg5 Be7 6. Nf3 O-O 7. e3 c6 8.
Bd3 h6 9. Bh4 Be6 10. O-O Nbd7 11. Qc2 Nh5 12. Bxe7 Qxe7 13. Rfe1 Bg4 14.
Nd2 Be6 15. e4 dxe4 16. Bxe4 Qd6 17. Nf3 Nf4 18. Qd2 Nf6 19. Rad1 N6d5 20.
Bxd5 Nxd5 21. Ne4 Qc7 22. Ne5 Bf5 23. Nc3 Nxc3 24. Qxc3 f6 25. Nf3 Rfe8 26.
Nh4 Be6 27. Re3 Qf4 28. Ng6 Qg4 29. Qc2 Bf5 30. Qb3+ Kh7 31. Rg3 Qe4 32.
Re3 Qc2 33. Nh4 Qxb3 34. axb3 Rxe3 35. fxe3 Bc2 36. Rc1 Bxb3 37. Rc3 Bd5
38. Nf5 Rd8 39. Ra3 a6 40. Kf2 Be6 41. Ng3 Rd5 42. Ne4 Rb5 43. b3 Bxb3 44.
Nd6 Rb4 45. Ke2 Bd5 46. e4 Be6 47. Kd3 Rb2 48. h4 Rxg2 49. Kc3 Rg3+ 50. Kb4
a5+ 51. Rxa5 Rb3+ 52. Ka4 b5+ 53. Nxb5 cxb5+ 54. Rxb5 Re3 55. e5 fxe5 56.
dxe5 Bd7 57. Kb4 Bxb5 58. Kxb5 g5 59. Kc6 gxh4 60. e6 Rxe6+ 61. Kd5 Rg6 62.
Ke4 h3 63. Kf3 h2 64. Kf4 h1=Q 65. Kf5 Qd5+ 66. Kf4 Rf6+ 67. Kg4 Qf3+ 68.
Kh4 Rf4# { White checkmated } 0-1

[Event "ICC tourney 2564 (45 10)"]
[Site "Internet Chess Club"]
[Date "2021.05.15"]
[Round "2"]
[White "ZHU, RYAN:Ryan123455"]
[Black "CHERUKURI, DEVESH:Deveshc"]
[Result "0-1"]
[ICCResult "White checkmated"]
[WhiteElo "1657"]
[BlackElo "1517"]
[Opening "Sicilian: Richter-Rauzer, Rauzer attack, 7...a6 defense, 8...Bd7"]
[ECO "B67"]
[NIC "SI.30"]
[Time "13:31:45"]
[PlyCount "82"]
[TimeControl "2700+10"]

1. e4 c5 2. Nf3 Nc6 3. d4 cxd4 4. Nxd4 Nf6 5. Nc3 d6 6. Bg5 e6 7. Qd2 a6 8.
O-O-O Bd7 9. Bc4 b5 10. Bb3 b4 11. Nd5 Nxd4 12. Nxf6+ gxf6 13. Qxd4 e5 14.
Qd5 Be6 15. Ba4+ Ke7 16. Qb7+ Bd7 17. Bxd7 Rb8 18. Qa7 Ra8 19. Qb7 Rb8 20.
Qc6 Rb6 21. Qd5 Qxd7 22. Be3 Rb5 23. Qc4 Bg7 24. g4 Rc8 25. Qe2 b3 26. axb3
Rxb3 27. Kb1 Rbb8 28. g5 Qb7 29. Bc1 a5 30. gxf6+ Bxf6 31. b3 a4 32. Qd3
Rc6 33. Kb2 axb3 34. cxb3 Rb6 35. Qc4 Rxb3+ 36. Kc2 Rf3 37. Qd5 Rxf2+ 38.
Kc3 Qb4+ 39. Kd3 Rc8 40. Bd2 Qa3+ 41. Bc3 Qxc3# { White checkmated } 0-1

[Event "ICC tourney 2564 (45 10)"]
[Site "Internet Chess Club"]
[Date "2021.05.15"]
[Round "2"]
[White "CHANDI, ISHNOOR SINGH:Ishnoor"]
[Black "LIU, ETHAN:soggydollar"]
[Result "1/2-1/2"]
[ICCResult "Game drawn by mutual agreement"]
[WhiteElo "1641"]
[BlackElo "1800"]
[Opening "French: advance, Paulsen attack"]
[ECO "B22"]
[NIC "SI.46"]
[Time "13:31:16"]
[PlyCount "52"]
[TimeControl "2700+10"]

1. e4 c5 2. c3 e6 3. d4 d5 4. e5 Nc6 5. Nf3 f6 6. Bd3 cxd4 7. cxd4 fxe5 8.
Nxe5 Nxe5 9. dxe5 g6 10. Nc3 Bg7 11. Bf4 Ne7 12. h4 O-O 13. Qd2 Nc6 14. h5
Nxe5 15. Bxe5 Bxe5 16. hxg6 hxg6 17. Qh6 Qc7 18. Qxg6+ Qg7 19. Rh6 Bd7 20.
Ke2 Qxg6 21. Rxg6+ Kf7 22. Rh1 Ke7 23. Rh5 Kd6 24. Bb5 Bc6 25. g3 Rac8 26.
Bxc6 bxc6 { Game drawn by mutual agreement } 1/2-1/2

[Event "ICC tourney 2564 (45 10)"]
[Site "Internet Chess Club"]
[Date "2021.05.15"]
[Round "2"]
[White "LIN, MICHAEL:loveEdinburgh"]
[Black "XIAO, MARINA:marinaxiao"]
[Result "1-0"]
[ICCResult "Black resigns"]
[WhiteElo "1792"]
[BlackElo "1547"]
[Opening "King's Indian: 4.e4"]
[ECO "E70"]
[NIC "KI.31"]
[Time "13:31:15"]
[PlyCount "137"]
[TimeControl "2700+10"]

1. d4 Nf6 2. c4 g6 3. Nc3 Bg7 4. e4 d6 5. Bd3 O-O 6. Nge2 Nbd7 7. O-O e5 8.
d5 Nc5 9. Bc2 a5 10. f3 Nfd7 11. Rb1 f5 12. exf5 gxf5 13. a3 Nb6 14. b4
axb4 15. axb4 Ncd7 16. Bd3 Qh4 17. Be3 Nxc4 18. Bf2 Qh6 19. Bxc4 Nf6 20.
Qc1 f4 21. Kh1 Bf5 22. Rb3 Kh8 23. Rd1 Rad8 24. b5 Qh5 25. Ng1 Bh6 26. Be2
Qg6 27. Rb4 e4 28. Bd4 Rg8 29. Bxf6+ Qxf6 30. Nxe4 Qg6 31. Bf1 Rde8 32. Re1
Bxe4 33. Rbxe4 Rxe4 34. Rxe4 Qf5 35. Qd1 Bg5 36. Nh3 Bh6 37. Qd2 Rf8 38.
Bc4 Ra8 39. Qe1 Kg7 40. Re8 Rxe8 41. Qxe8 Qb1+ 42. Ng1 Bg5 43. Qe2 Bh4 44.
Qd3 Qc1 45. Qf1 Qd2 46. Ne2 Qe3 47. Qc1 Qf2 48. Qg1 Qxg1+ 49. Kxg1 Bg5 50.
Nd4 Kf7 51. Ne6 Kf6 52. Nxc7 Bh6 53. Ne6 Ke7 54. g3 fxg3 55. hxg3 Be3+ 56.
Kf1 Bh6 57. f4 Bf8 58. Nxf8 Kxf8 59. b6 Ke7 60. Bd3 h6 61. Bf5 Kd8 62. g4
Ke7 63. Bc8 Kd8 64. Bxb7 Ke7 65. Bc6 Kd8 66. b7 Kc7 67. g5 hxg5 68. fxg5
Kb8 69. g6 { Black resigns } 1-0

[Event "ICC tourney 2564 (45 10)"]
[Site "Internet Chess Club"]
[Date "2021.05.15"]
[Round "2"]
[White "YU, SICHENG:CheddarCheng1"]
[Black "THOMAS, MICHAEL G:chesslin"]
[Result "0-1"]
[ICCResult "White checkmated"]
[WhiteElo "1427"]
[BlackElo "1739"]
[Opening "Pirc: classical system, 5.Be2"]
[ECO "B06"]
[NIC "PU.03"]
[Time "13:31:18"]
[PlyCount "188"]
[TimeControl "2700+10"]

1. e4 g6 2. d4 Bg7 3. Nf3 d6 4. Nc3 Nf6 5. Be2 O-O 6. O-O a6 7. h3 Nc6 8.
Be3 b5 9. a3 Bb7 10. d5 Na7 11. Qd2 e6 12. dxe6 fxe6 13. e5 Nd5 14. Nxd5
Bxd5 15. exd6 Qxd6 16. Rad1 Nc6 17. b4 Rf5 18. Nh4 Re5 19. Bf4 Rxe2 20.
Qxe2 Qxf4 21. g3 Nd4 22. Qd3 Qe5 23. Rde1 Qh5 24. f4 Nf5 25. Nxf5 Qxf5 26.
Qxf5 gxf5 27. g4 fxg4 28. hxg4 a5 29. f5 exf5 30. Rxf5 c6 31. Re7 axb4 32.
Rg5 Bf7 33. axb4 Ra1+ 34. Kf2 Kf8 35. Rc7 Bd4+ 36. Ke2 Bc4+ 37. Kd2 Rh1 38.
Rh5 Rxh5 39. gxh5 h6 40. Rxc6 Kg7 41. c3 Bf6 42. Rc7+ Kf8 43. Kc2 Ke8 44.
Rh7 Bg5 45. Rc7 Kd8 46. Rb7 Kc8 47. Ra7 Be2 48. Kb3 Bxh5 49. Ra6 Bf7+ 50.
c4 bxc4+ 51. Kc3 h5 52. Rc6+ Kb7 53. Rc5 Bf6+ 54. Kc2 Be7 55. Re5 Bd6 56.
Rg5 Kc6 57. b5+ Kb6 58. Kc3 h4 59. Rf5 Be6 60. Rh5 Bf7 61. Rxh4 Kxb5 62.
Rxc4 Bxc4 63. Kd4 Be6 64. Ke4 Kc5 65. Kd3 Bd5 66. Ke3 Be5 67. Kd3 Bf3 68.
Ke3 Bd5 69. Kd3 Bd4 70. Ke2 Kc4 71. Kd2 Bf3 72. Ke1 Be3 73. Kf1 Kd3 74. Ke1
Bg2 75. Kd1 Bf2 76. Kc1 Bd4 77. Kd1 Bc3 78. Kc1 Bf3 79. Kb1 Bd5 80. Kc1 Ba2
81. Kd1 Bb3+ 82. Kc1 Bd4 83. Kb1 Bc3 84. Kc1 Bd4 85. Kb1 Kc3 86. Kc1 Be3+
87. Kb1 Bg5 88. Ka1 Be7 89. Kb1 Ba3 90. Ka1 Bc4 91. Kb1 Bd5 92. Ka1 Kb3 93.
Kb1 Be4+ 94. Ka1 Bb2# { White checkmated } 0-1

[Event "ICC tourney 2564 (45 10)"]
[Site "Internet Chess Club"]
[Date "2021.05.15"]
[Round "2"]
[White "HEBBAR, ESHAAN:solveur"]
[Black "THAIN, JACK:jt1819"]
[Result "0-1"]
[ICCResult "White resigns"]
[WhiteElo "1333"]
[BlackElo "1712"]
[Opening "Nimzo-Indian: three knights variation"]
[ECO "E21"]
[NIC "NI.28"]
[Time "13:31:16"]
[PlyCount "168"]
[TimeControl "2700+10"]

1. d4 Nf6 2. c4 e6 3. Nc3 Bb4 4. Nf3 Bxc3+ 5. bxc3 b6 6. Bg5 h6 7. Bh4 Bb7
8. e3 O-O 9. Bd3 d6 10. O-O Nbd7 11. Re1 e5 12. Bc2 Re8 13. Ba4 g5 14. Bg3
e4 15. Nd2 Qe7 16. h4 Kg7 17. Nf1 Rac8 18. Nd2 Red8 19. Rb1 a6 20. Qe2 Nf8
21. Nb3 Ng6 22. h5 Nf8 23. Na5 Ba8 24. Nc6 Bxc6 25. Bxc6 Kh8 26. a4 a5 27.
f4 Ne6 28. Bh2 Rg8 29. f5 Nd8 30. Bb5 c6 31. Ba6 Ra8 32. c5 bxc5 33. dxc5
d5 34. Bd6 Qa7 35. Bb7 Nxb7 36. Be5 Kg7 37. Rb6 Nxc5 38. Rxc6 Nd7 39. Bd4
Qb7 40. Qb5 Qxb5 41. axb5 Rge8 42. Rb1 Ne5 43. Ra6 Rxa6 44. bxa6 Nc6 45.
Bxf6+ Kxf6 46. Rb6 Ra8 47. g4 a4 48. Rxc6+ Ke7 49. c4 a3 50. cxd5 a2 51.
Rc1 Rxa6 52. Ra1 Kd6 53. Kf2 Kxd5 54. Ke2 Kc4 55. Kd2 Kb3 56. Kc1 Kc3 57.
Kd1 Kb2 58. Rc1 a1=Q 59. Rxa1 Rxa1+ 60. Kd2 Rg1 61. Ke2 Rxg4 62. Kf2 Kc3
63. f6 Kd3 64. Ke1 Kxe3 65. Kd1 Kf3 66. Kd2 e3+ 67. Kc3 e2 68. Kc2 e1=Q 69.
Kb2 Qb4+ 70. Kc2 Rc4+ 71. Kd1 Qb1+ 72. Kd2 Rc2+ 73. Kd3 Qb3+ 74. Kd4 Rc4+
75. Kd5 Qb5+ 76. Kd6 Rc6+ 77. Ke7 Qc5+ 78. Kxf7 Rxf6+ 79. Kxf6 g4 80. Kf7
Qg5 81. Ke8 Qg7 82. Kd8 Ke4 83. Kc8 Kd5 84. Kb8 Kc6 { White resigns } 0-1

[Event "ICC tourney 2564 (45 10)"]
[Site "Internet Chess Club"]
[Date "2021.05.15"]
[Round "2"]
[White "RODENSTEIN, ALAN:arconsul2"]
[Black "Walsh, Tim R:Telos53"]
[Result "0-1"]
[ICCResult "White resigns"]
[WhiteElo "1674"]
[BlackElo "1839"]
[Opening "English opening"]
[ECO "A17"]
[NIC "EO.64"]
[Time "13:31:20"]
[PlyCount "88"]
[TimeControl "2700+10"]

1. c4 Nf6 2. Nc3 e6 3. g3 d5 4. d4 Be7 5. Bg2 O-O 6. Nf3 b6 7. O-O Bb7 8.
Ne5 Nbd7 9. Re1 c5 10. cxd5 exd5 11. Nxd7 Qxd7 12. dxc5 bxc5 13. Qb3 Rab8
14. Bf4 Bd6 15. Bxd6 Qxd6 16. Rad1 Bc6 17. Qc2 d4 18. e4 Qd7 19. e5 Nd5 20.
Ne4 Nb4 21. Qxc5 Rb5 22. Qd6 Nxa2 23. Qxd7 Bxd7 24. Rxd4 Be6 25. Rd2 Rxe5
26. f4 Rb5 27. Ng5 Bb3 28. Re7 a5 29. Be4 g6 30. Rdd7 Nb4 31. h4 h6 32. Nf3
Be6 33. Rc7 Nd5 34. Bxd5 Bxd5 35. Ne5 Rxb2 36. Nxg6 Rg2+ 37. Kf1 Rb8 38.
Rc5 fxg6 39. Rxd5 Rh2 40. Rxa5 Rb1+ 41. Re1 Rh1+ 42. Kf2 Rhxe1 43. Ra6 Kf7
44. Ra7+ Re7 { White resigns } 0-1